 Dungeon Crawl Stone Soup version 0.21.3-3-g218456f21e (webtiles) character file.

26717 CurlyBrace the Gouger (level 13, 0/60 (64) HPs)
             Began as a Felid Earth Elementalist on Feb 16, 2021.
             Was the Champion of Cheibriados.
             Engulfed by a cloud of foul pestilence (7 damage)
             ... on level 4 of the Swamp.
             The game lasted 02:26:56 (7917 turns).

CurlyBrace the Gouger (Felid Earth Elementalist)    Turns: 7917, Time: 02:26:57

HP:   0/60 (64)     AC:  3    Str: 18    XL:     13   Next: 0%
MP:   26/26         EV: 34    Int: 37    God:    Cheibriados [******]
Gold: 1135          SH:  0    Dex: 33    Spells: 6/28 levels left
                                        Lives: 0   Deaths: 3

rFire    + + .     SeeInvis +     - Unarmed
rCold    + + .     Gourm    .   (shield unavailable)
rNeg     . . .     Faith    .   (armour unavailable)
rPois    +         Spirit   .   (helmet unavailable)
rElec    +         Reflect  .   (cloak unavailable)
rCorr    +         Harm     .   (gloves unavailable)
MR       ++...                  (boots unavailable)
Stlth    ++++++....             c - amulet of regeneration
HPRegen  0.60/turn              m - ring of protection from magic
MPRegen  0.20/turn              E - +5 ring of intelligence

@: lethally poisoned (0 -> -26), resistant, slowed, very slow
A: very small, no armour, no weapons or thrown items, stealth, claws 1, fangs 3,
horns 1, see invisible, carnivore, dopey 1, fire resistance 1, speed 1, shaggy
fur 3, slow metabolism 1, weak 1, sharp paws
a: Bend Time, Temporal Distortion, Slouch, Step From Time, Renounce Religion


You were on level 4 of the Swamp.
You worshipped Cheibriados.
Cheibriados was exalted by your worship.
You were not hungry.

You visited 6 branches of the dungeon, and saw 27 of its levels.
You also visited: Volcano.

You collected 1342 gold pieces.
You spent 207 gold pieces at shops.

Inventory:

Missiles
 b - 142 stones
 g - 189 arrows
Jewellery
 c - an amulet of regeneration (around neck)
   (You found it on level 2 of the Dungeon)
 d - an uncursed ring of ice
   (You took it off Fannar on level 1 of the Orcish Mines)
 i - an uncursed ring of fire
   (You found it on level 1 of the Dungeon)
 m - a ring of protection from magic (left paw)
   (You found it on level 10 of the Dungeon)
 o - an uncursed amulet of harm
   (You found it on level 8 of the Dungeon)
 B - an uncursed ring of positive energy
   (You found it on level 4 of the Lair of Beasts)
 E - a +5 ring of intelligence (right paw)
   (You found it in a volcano)
Wands
 q - a wand of disintegration (9)
   (You found it on level 3 of the Swamp)
 C - a wand of random effects (23)
   (You found it on level 6 of the Lair of Beasts)
 D - a wand of polymorph (17)
   (You took it off Maurice on level 1 of the Orcish Mines)
Scrolls
 f - a scroll of fear
 r - 2 scrolls of identify
 x - 6 scrolls of remove curse
 z - 2 scrolls of blinking
 F - a scroll of immolation
Potions
 h - a potion of magic
 v - 2 potions of ambrosia
 H - a potion of mutation
Books
 k - a book of Geomancy

   Spells                             Type                      Level
   a - Sandblast                      Earth                        1
   b - Passwall                       Transmutation/Earth          2
   c - Stone Arrow                    Conjuration/Earth            3
   d - Petrify                        Transmutation/Earth          4
   e - Lee's Rapid Deconstruction     Earth                        5
 l - a book of Power
   (You found it on level 2 of the Orcish Mines)

   Spells                             Type                      Level
   a - Iskenderun's Battlesphere      Conjuration/Charms           5
   b - Venom Bolt                     Conjuration/Poison           5
   c - Bolt of Magma                  Conjuration/Fire/Earth       5
   d - Iron Shot                      Conjuration/Earth            6
   e - Orb of Destruction             Conjuration                  7
   f - Spellforged Servitor           Conjuration/Summoning        7
 p - a book of Changes
   (You found it on level 9 of the Dungeon)

   Spells                             Type                      Level
   a - Beastly Appendage              Transmutation                1
   b - Sticks to Snakes               Transmutation                2
   c - Spider Form                    Transmutation/Poison         3
   d - Ice Form                       Ice/Transmutation            4
   e - Blade Hands                    Transmutation                5
 s - a book of Beasts
   (You found it on level 2 of the Orcish Mines)

   Spells                             Type                      Level
   a - Summon Butterflies             Summoning                    1
   b - Call Canine Familiar           Summoning                    3
   c - Summon Ice Beast               Ice/Summoning                4
   d - Summon Mana Viper              Hexes/Summoning              5
   e - Summon Hydra                   Summoning                    7
 y - a book of Necromancy
   (You found it on level 11 of the Dungeon)

   Spells                             Type                      Level
   a - Pain                           Necromancy                   1
   b - Animate Skeleton               Necromancy                   1
   c - Vampiric Draining              Necromancy                   3
   d - Regeneration                   Charms/Necromancy            3
   e - Animate Dead                   Necromancy                   4
   f - Borgnjor's Vile Clutch         Necromancy/Earth             5
Miscellaneous
 G - a lamp of fire (inert)
   (You found it on level 6 of the Lair of Beasts)
Comestibles
 e - 9 rations


   Skills:
 - Level 12.0 Fighting
 - Level 12.0 Dodging
 - Level 12.0 Stealth
 - Level 12.0 Unarmed Combat
 - Level 8.0 Spellcasting
 - Level 3.0 Charms
 - Level 6.0 Necromancy
 - Level 5.0 Transmutations
 - Level 7.0 Earth Magic
 + Level 6.9 Invocations
 - Level 4.0 Evocations


You had 6 spell levels left.
You knew the following spells:

 Your Spells              Type           Power        Failure   Level  Hunger
a - Sandblast             Erth           ######       1%          1    None
b - Passwall              Tmut/Erth      ######....   1%          2    None
c - Sticks to Snakes      Tmut           ######..     1%          2    None
d - Regeneration          Chrm/Necr      #####.....   1%          3    None
e - Petrify               Tmut/Erth      ######..     2%          4    None
f - Lee's Rapid Deconstr  Erth           ######....   4%          5    ###....
g - Borgnjor's Vile Clut  Necr/Erth      ######....   4%          5    ###....


Dungeon Overview and Level Annotations

Branches:
Dungeon (13/15)            Temple (1/1) D:5            Lair (6/6) D:11
  Swamp (4/4) Lair:4          Orc (2/2) D:11            Elf (1/3) Orc:2
  Snake: Lair:2-4    Spider: Lair:2-4     Slime: Lair:5-6    Vaults: D:13-14

Altars:
Ashenzari
Cheibriados
Dithmenos
Fedhas
Gozag
Hepliaklqana
Kikubaaqudgha
Makhleb
Nemelex Xobeh
Okawaru
Ru
Sif Muna
Trog
Uskayaw
Vehumet
Wu Jian
Xom
Zin
The Shining One
Beogh

Shops:
D:8 *   Orc:2 [(}!

Annotations:
D:2 exclusion: worm
D:3 exclusions: 2 downstairs and orc priest
D:4 Grinder
D:6 exclusion: downstairs
D:7 Joseph
D:12 exclusion: downstairs
Swamp:3 exclusion: downstairs
Swamp:4 exclusion: upstairs, Aizul
Orc:2 exclusion: door


Innate Abilities, Weirdness & Mutations

You cannot wear armour.
You are incapable of wielding weapons or throwing items.
Your paws allow you to move quietly. (Stealth)
You have sharp claws.
You have razor-sharp teeth.
You have supernaturally acute eyesight. (SInv)
You are carnivorous and can eat meat at any time.
You cover ground quickly.
Your thick and shaggy fur keeps you warm. (AC +3, rC+)
You have a slow metabolism.
Your sharp claws are effective at attacking unaware monsters.
You have a pair of small horns on your head.
You are dopey. (Int -2)
Your flesh is heat resistant. (rF+)
You are weak. (Str -2)


Message History

Cheibriados appreciates the change of pace.
No target in view!
Really walk into a travel-excluded area?
You are engulfed in dark miasma.
You are poisoned.
You feel your flesh rotting away!
You feel sick.
You feel sick.
Unknown command.
You are engulfed in dark miasma.
You are more poisoned.
You feel your flesh rotting away!
You feel very sick.
You are engulfed in dark miasma.
You are lethally poisoned!
You feel your flesh rotting away!
* * * LOW HITPOINT WARNING * * *
x2 You feel very sick.
You feel protected.
You are engulfed in dark miasma.
You feel your flesh rotting away!
You feel yourself slow down.
You die...

♣♣.......≈.≈.≈♣
♣♣.♣♣♣..≈≈♣♣♣♣ ♣♣
♣♣.≈≈≈# ♣..≈≈####
♣..≈≈≈..###
♣♣..≈≈....###
♣..≈≈≈....≈##
♣.≈≈≈≈#§.§..###
♣.≈≈≈##§@§§...##
##
♣≈≈≈#######....##
.≈## ♣≈≈≈#
###..≈###†≈≈.#
♣≈≈##
##≈.....≈≈≈# ♣♣##
##÷%W..≈≈#
####.≈≈## §## #


There were no monsters in sight!

Vanquished Creatures
  A bone dragon (Swamp:4)
  A thorn hunter (Swamp:4)
  Nessos (Lair:4)
  Snorg (Lair:6)
  Fannar (Orc:1)
  3 hydras
  A ghost crab (Swamp:4)
  4 two-headed ogres
  A merfolk avatar (Lair:6)
  An alligator (Swamp:4)
  3 orc high priests (Orc:2)
  2 death yaks (Lair:6)
  Urug (Lair:4)
  A shambling mangrove (Swamp:4)
  2 swamp dragons
  A phantasmal warrior (Swamp:4)
  A spriggan druid (Swamp:3)
  4 spectral hydras (Swamp:4)
  A harpy (Lair:6)
  2 orc knights (Orc:2)
  2 orc sorcerers (Orc:2)
  An oklob plant (Swamp:4)
  A cyclops (Orc:1)
  A manticore (Lair:6)
  An ugly thing (D:11)
  Maurice (Orc:1)
  2 centaur zombies
  2 elephants (Lair:6)
  A black mamba (Lair:2)
  A torpor snail (Lair:6)
  7 spiny frogs
  A molten gargoyle (Volcano)
  A gargoyle (Volcano)
  3 swamp worm zombies (Swamp:4)
  3 rime drakes
  10 komodo dragons
  3 hydra zombies (Swamp:4)
  2 polar bears (Lair:6)
  3 trolls
  4 hornets
  4 tyrant leeches
  6 blink frogs (Lair:4)
  A hippogriff (Lair:1)
  A spectral swamp dragon (Swamp:4)
  3 alligator zombies (Swamp:4)
  3 slime creatures (Swamp:4)
  3 bog bodies (Swamp:4)
  4 dream sheep
  A shadow (Swamp:3)
  2 spriggans (Swamp:3)
  A wyvern (Lair:6)
  2 basilisks
  17 yaks
  3 hungry ghosts
  The ghost of MordorOrchid the Stinger, an amateur GnVM (D:4)
  12 vampire mosquitoes
  12 insubstantial wisps (Swamp:4)
  3 wargs (Orc:2)
  6 swamp worms
  Menkaure (D:4)
  6 water moccasins
  2 hell hounds (Lair:6)
  6 porcupines
  2 swamp drakes
  28 orc warriors
  2 ice beasts
  A necrophage (D:12)
  2 swamp dragon zombies (Swamp:4)
  6 phantoms (Swamp:4)
  2 sky beasts
  10 ogres
  14 centaurs
  9 crocodiles
  2 big kobolds
  3 bullfrogs
  A gnoll sergeant (D:8)
  2 scorpions (D:11)
  5 killer bees (D:8)
  4 howler monkeys
  4 wights (D:6)
  A bullfrog zombie (D:5)
  A crimson imp (D:9)
  A quasit (D:8)
  23 orc priests
  A gnoll shaman (Orc:2)
  5 hounds
  3 jellies
  2 bullfrog skeletons
  20 orc wizards
  An iguana (D:10)
  5 worker ants
  A hound skeleton (D:8)
  Robin (D:4)
  8 gnolls
  6 adders
  A shadow imp (D:7)
  2 oozes
  An adder zombie (D:8)
  An adder skeleton (D:4)
  A worm (D:3)
  3 dart slugs
  4 leopard geckos
  94 orcs
  An orc (shapeshifter) (D:8)
  4 giant cockroaches
  15 hobgoblins
  A jackal (shapeshifter) (D:8)
  6 jackals
  15 kobolds
  A quokka (D:9)
  A ball python (D:6)
  8 bats
  4 frilled lizards
  16 goblins
  10 rats
  4 plants (Lair:6)
552 creatures vanquished.

Vanquished Creatures (collateral kills)
  An orc warlord (Orc:2)
  A hydra (Swamp:4)
  2 spectral hydras (Swamp:4)
  A swamp worm zombie (Swamp:4)
  A hydra zombie (Swamp:4)
  A polar bear (Lair:6)
  A bog body (Swamp:4)
  A shadow (Swamp:4)
  An insubstantial wisp (Swamp:4)
  A phantom (Swamp:4)
  A swamp dragon zombie (Swamp:4)
  An orc priest (Orc:1)
  2 orcs (Orc:2)
15 creatures vanquished.

Vanquished Creatures (others)
  A swamp worm zombie (Swamp:4)
  A yak (D:10)
  An insubstantial wisp (Swamp:4)
  2 water moccasins (Lair:6)
  An orc (Orc:2)
  A bush (Lair:6)
  11 fungi
  11 plants (Lair:6)
29 creatures vanquished.

Grand Total: 596 creatures vanquished

Notes
Turn   | Place    | Note
-------+----------+-------------------------------------------
     0 | D:1      | CurlyBrace the Felid Earth Elementalist began the quest for the Orb.
     0 | D:1      | Reached XP level 1. HP: 7/7 MP: 4/4
    61 | D:2      | Found a burning altar of Makhleb.
   160 | D:3      | Reached XP level 2. HP: 11/11 MP: 1/6
   266 | D:3      | Reached skill level 1 in Fighting
   271 | D:3      | Reached skill level 1 in Unarmed Combat
   279 | D:3      | Reached XP level 3. HP: 5/15 MP: 0/7
   322 | D:3      | Found an ancient bone altar of Kikubaaqudgha.
   349 | D:4      | Noticed Grinder
   349 | D:4      | Noticed Robin
   378 | D:4      | Noticed Menkaure
   407 | D:3      | Found an ornate altar of the Wu Jian Council.
   426 | D:3      | Learned a level 2 spell: Passwall
   460 | D:3      | Found a sparkling altar of Nemelex Xobeh.
   460 | D:3      | Found a hazy altar of Hepliaklqana.
   460 | D:3      | Found a radiant altar of Vehumet.
   466 | D:3      | You fall through a shaft!
   491 | D:4      | Reached XP level 4. HP: 19/19 MP: 0/8
   495 | D:5      | Entered Level 5 of the Dungeon
   560 | D:7      | Noticed Joseph
   622 | D:4      | Found a bloodstained altar of Trog.
   653 | D:4      | Noticed MordorOrchid's ghost (amateur GnVM)
   669 | D:4      | HP: 1/20 [poisoned by MordorOrchid's ghost (toxic radiance)]
   681 | D:4      | Reached XP level 5. HP: 24/24 MP: 6/9
   705 | D:4      | Killed MordorOrchid's ghost
   705 | D:4      | Gained mutation: You are covered in thick fur. (AC +2) [Felid growth]
   705 | D:4      | Reached XP level 6. HP: 10/28 MP: 8/10
   800 | D:4      | Learned a level 4 spell: Petrify
   917 | D:5      | Found a staircase to the Ecumenical Temple.
   928 | Temple   | Entered the Ecumenical Temple
  1504 | D:2      | Found a snail-covered altar of Cheibriados.
  1505 | D:2      | Found an iron altar of Okawaru.
  1509 | D:2      | Became a worshipper of Cheibriados the Contemplative
  1539 | D:2      | Reached XP level 7. HP: 32/32 MP: 12/12
  1634 | D:4      | Killed Menkaure
  1798 | D:4      | Reached * piety under Cheibriados
  1814 | D:4      | Killed Robin
  2075 | D:6      | Reached skill level 5 in Unarmed Combat
  2164 | D:6      | Reached ** piety under Cheibriados
  2173 | D:6      | Reached XP level 8. HP: 34/36 MP: 9/13
  2402 | D:8      | Found a shimmering altar of Xom.
  2403 | D:8      | Found a shimmering altar of Xom.
  2403 | D:8      | Found a shimmering altar of Xom.
  2403 | D:8      | Found a shimmering altar of Xom.
  2404 | D:8      | Found a shimmering altar of Xom.
  2426 | D:8      | Reached skill level 5 in Stealth
  2484 | D:8      | Reached skill level 5 in Dodging
  2529 | D:8      | Found Zysor's Changing Room.
  2543 | D:9      | Reached skill level 5 in Fighting
  2583 | D:10     | Entered Level 10 of the Dungeon
  2688 | D:8      | Reached XP level 9. HP: 40/40 MP: 6/16
  2730 | D:8      | Bought a potion of mutation for 96 gold pieces
  2730 | D:8      | Bought a potion of lignification for 36 gold pieces
  2812 | D:9      | Reached *** piety under Cheibriados
  2867 | D:9      | Learned a level 2 spell: Sticks to Snakes
  2907 | D:8      | Reached skill level 1 in Invocations
  2907 | D:8      | Reached skill level 1 in Evocations
  3010 | D:10     | Found a deep blue altar of Sif Muna.
  3056 | D:10     | Reached **** piety under Cheibriados
  3062 | D:10     | Reached skill level 5 in Earth Magic
  3078 | D:10     | Learned a level 5 spell: Lee's Rapid Deconstruction
  3124 | D:10     | You fall through a shaft for 3 floors!
  3127 | D:13     | Noticed a two-headed ogre
  3134 | D:13     | Noticed a two-headed ogre
  3147 | D:13     | Killed a two-headed ogre
  3147 | D:13     | Reached XP level 10. HP: 47/47 MP: 6/17
  3506 | D:11     | Reached skill level 5 in Transmutations
  3509 | D:11     | Slain by a centaur
  3510 | D:11     | Reached XP level 9. HP: -4/43 MP: 5/16
  3605 | D:11     | Noticed a troll
  3614 | D:11     | Killed a troll
  3654 | D:11     | Reached XP level 10. HP: 43/48 MP: 17/17
  3716 | D:11     | Noticed a cyan ugly thing
  3743 | D:11     | Killed a cyan ugly thing
  3814 | D:11     | Found a staircase to the Lair.
  3833 | Lair:1   | Entered Level 1 of the Lair of Beasts
  3836 | D:11     | Found a staircase to the Orcish Mines.
  3849 | Orc:1    | Entered Level 1 of the Orcish Mines
  3855 | D:11     | Gained mutation: You are weak. (Str -2) [potion of mutation]
  3855 | D:11     | Gained mutation: You have a pair of small horns on your head. [potion of mutation]
  3855 | D:11     | Gained mutation: You are dopey. (Int -2) [potion of mutation]
  3855 | D:11     | Gained mutation: Your flesh is heat resistant. (rF+) [potion of mutation]
  3860 | Orc:1    | Reached skill level 5 in Spellcasting
  3877 | Orc:1    | Learned a level 5 spell: Borgnjor's Vile Clutch
  3886 | Orc:2    | Entered Level 2 of the Orcish Mines
  3904 | Orc:2    | Reached ***** piety under Cheibriados
  3912 | Orc:2    | Noticed a two-headed ogre
  3921 | Orc:2    | Killed a two-headed ogre
  3921 | Orc:2    | Reached skill level 1 in Necromancy
  4063 | Orc:1    | Noticed Maurice
  4066 | Orc:1    | Noticed Fannar
  4138 | Orc:2    | Noticed an orc knight
  4141 | Orc:2    | Found Okinudd's Gadget Shop.
  4146 | Orc:2    | Killed an orc knight
  4159 | Orc:2    | Found Zah Eseno's Distillery.
  4159 | Orc:2    | Noticed an orc knight
  4172 | Orc:2    | Killed an orc knight
  4172 | Orc:2    | Reached XP level 11. HP: 38/51 MP: 8/20
  4184 | Orc:2    | Bought a potion of heal wounds for 75 gold pieces
  4190 | Orc:2    | Found a roughly hewn altar of Beogh.
  4279 | Orc:2    | Learned a level 3 spell: Regeneration
  4376 | Orc:2    | Reached skill level 1 in Charms
  4377 | Orc:2    | Noticed an orc high priest
  4443 | Orc:2    | Killed an orc high priest
  4519 | Orc:2    | Noticed an orc sorcerer
  4519 | Orc:2    | Noticed an orc sorcerer
  4522 | Orc:2    | Noticed a sun demon
  4529 | Orc:2    | Killed an orc sorcerer
  4529 | Orc:2    | Reached skill level 5 in Necromancy
  4535 | Orc:2    | Killed an orc sorcerer
  4535 | Orc:2    | Reached ****** piety under Cheibriados
  4565 | Orc:2    | Noticed a two-headed ogre
  4654 | Orc:2    | Killed a two-headed ogre
  4727 | Orc:2    | Found a staircase to the Elven Halls.
  4732 | Elf:1    | Entered Level 1 of the Elven Halls
  4732 | Elf:1    | Noticed a deep elf mage
  4732 | Elf:1    | Noticed a deep elf mage
  4732 | Elf:1    | Noticed a deep elf mage
  4858 | Orc:2    | Noticed an orc warlord
  4876 | Orc:2    | Killed an orc warlord
  4946 | Orc:2    | Found a roughly hewn altar of Beogh.
  4995 | Orc:2    | Noticed an orc high priest
  5006 | Orc:2    | Killed an orc high priest
  5026 | Orc:2    | Found Bezoig's Weapon Boutique.
  5075 | Orc:2    | Noticed an orc high priest
  5092 | Orc:2    | Killed an orc high priest
  5100 | Orc:2    | Found Qisiris's Antique Armour Shop.
  5150 | Orc:2    | Gained mutation: Your thick and shaggy fur keeps you warm. (AC +3, rC+) [Felid growth]
  5150 | Orc:2    | Reached XP level 12. HP: 57/57 MP: 20/22
  5205 | Orc:1    | Noticed a two-headed ogre
  5209 | Orc:1    | Found a roughly hewn altar of Beogh.
  5213 | Orc:1    | Killed a two-headed ogre
  5213 | Orc:1    | Reached skill level 5 in Invocations
  5252 | Orc:1    | Killed Fannar
  5252 | Orc:1    | Reached skill level 10 in Unarmed Combat
  5444 | Orc:1    | Killed Maurice
  5692 | Lair:4   | Noticed Nessos
  5736 | Lair:4   | Reached skill level 10 in Fighting
  5875 | Lair:4   | Found a staircase to the Swamp.
  6000 | Lair:6   | Entered Level 6 of the Lair of Beasts
  6095 | Lair:6   | Reached skill level 10 in Dodging
  6128 | Lair:6   | Found a dark tunnel.
  6139 | Volcano  | Entered a volcano
  6142 | Volcano  | Reached skill level 10 in Stealth
  6291 | Lair:6   | Noticed a four-headed hydra
  6291 | Lair:6   | Killed a four-headed hydra
  6452 | Lair:6   | Noticed Snorg
  6459 | Lair:6   | Noticed a dire elephant
  6471 | Lair:6   | Reached XP level 13. HP: 45/61 MP: 20/24
  6534 | Lair:6   | Killed Snorg
  6750 | Lair:4   | Noticed Urug
  6765 | Lair:4   | Killed Urug
  6790 | Lair:4   | Killed Nessos
  6866 | Swamp:1  | Entered Level 1 of the Swamp
  6930 | Swamp:3  | HP: 1/62 [something (5)]
  6930 | Swamp:3  | Succumbed to poison (poison gas)
  6931 | Swamp:3  | Reached XP level 12. HP: 0/58 MP: 6/25
  7030 | Swamp:2  | Noticed a seven-headed hydra
  7037 | Swamp:4  | Entered Level 4 of the Swamp
  7140 | Swamp:4  | Noticed Aizul
  7178 | Swamp:4  | Noticed a thorn hunter
  7189 | Swamp:4  | Killed a thorn hunter
  7189 | Swamp:4  | Reached XP level 13. HP: 63/63 MP: 7/26
  7751 | Swamp:4  | Noticed a bone dragon
  7753 | Swamp:4  | HP: 4/94 [poison (dark miasma)]
  7754 | Swamp:4  | Demolished by a phantasmal warrior
  7755 | Swamp:4  | Reached XP level 12. HP: -20/90 MP: 4/25
  7822 | Swamp:4  | Killed a bone dragon
  7883 | Swamp:4  | Reached XP level 13. HP: 64/64 MP: 19/26
  7917 | Swamp:4  | Engulfed by a cloud of foul pestilence

Skill      XL: |  1  2  3  4  5  6  7  8  9 10 11 12 13 |
---------------+----------------------------------------+-----
Stealth        | 3 4 5 7 9 11 12 | 12.0
Dodging        | 3 4 5 7 8 9 10 12 | 12.0
Earth Magic    | 3 4 5 6 7 |  7.0
Fighting       | 1 2 3 4 5 7 8 9 11 12 | 12.0
Unarmed Combat | 1 2 3 4 5 8 9 10 12 | 12.0
Transmutations | 2 3 4 5 |  5.0
Spellcasting   | 3 4 5 6 8 |  8.0
Invocations    | 3 2 4 6 |  6.9
Evocations     | 3 4 |  4.0
Necromancy     | 2 5 6 |  6.0
Charms         | 3 |  3.0

Action                   |  1- 3 |  4- 6 |  7- 9 | 10-12 | 13-15 || total
-------------------------+-------+-------+-------+-------+-------++-------
Melee: Unarmed           |    39 |   150 |   333 |   437 |   151 ||  1110
       Bite              |     2 |     7 |    37 |    74 |    24 ||   144
       Punch             |       |     2 |     6 |    26 |    12 ||    46
       Headbutt          |       |       |       |   108 |    43 ||   151
 Cast: Sandblast         |    30 |    43 |    55 |    49 |    20 ||   197
       Passwall          |       |    10 |    31 |    47 |     8 ||    96
       Petrify           |       |       |    23 |    68 |     8 ||    99
       Borgnjor's Vile C |       |       |       |    31 |    23 ||    54
       Sticks to Snakes  |       |       |       |     3 |     7 ||    10
       Regeneration      |       |       |       |     1 |     2 ||     3
       Lee's Rapid Decon |       |       |       |     3 |     5 ||     8
Invok: Slouch            |       |       |       |       |     3 ||     3
Evoke: Wand              |       |       |    12 |    20 |    63 ||    95
       Lamp of fire      |       |       |       |       |     2 ||     2
  Use: Scroll            |     4 |     2 |     7 |    11 |     2 ||    26
       Potion            |     3 |     4 |     3 |     7 |    10 ||    27
 Stab: Sleeping          |     4 |     7 |    14 |    32 |     2 ||    59
       Distracted        |       |     1 |       |     1 |       ||     2
       Petrified         |       |       |    27 |    42 |     3 ||    72
       Petrifying        |       |       |     3 |     9 |       ||    12
       Betrayed ally     |       |       |       |       |     1 ||     1
  Eat: Chunk             |       |     2 |    22 |    24 |       ||    48
Armor: Skin              |    10 |    28 |    55 |    10 |    35 ||   138
Dodge: Dodged            |    27 |   121 |   307 |   418 |   215 ||  1088
